 Dungeon Crawl Stone Soup version 0.31-a0-662-g684573625c (webtiles) character file.

Game seed: 1204178249858698185

240 Descartes the Shield-Bearer (level 6, -10/49 HPs)
             Began as a Formicid Fighter on Sept 1, 2023.
             Mangled by an ogre
             ... wielding a +0 giant club
              (20 damage)
             ... on level 4 of the Dungeon.
             The game lasted 00:04:00 (3067 turns).

Descartes the Shield-Bearer (Formicid Fighter)      Turns: 3067, Time: 00:04:01

Health: -10/49     AC:  8    Str: 22    XL:     6   Next: 29%
Magic:  6/6        EV:  9    Int:  8    God:
Gold:   124        SH:  5    Dex: 13    Spells: 5/5 levels left

rFire   . . .        a - +0 war axe
rCold   . . .        c - +0 buckler
rNeg    . . .        b - +0 scale mail
rPois   .            (helmet unavailable)
rElec   .            k - +0 cloak
rCorr   .            (no gloves)
SInv    +            (no boots)
Will    .....        (no amulet) Stlth
                     i - ring of flight
HPRegen 0.28/turn    (no ring)
MPRegen 0.10/turn

%: no passive effects
@: flying, studying Unarmed Combat
A: permanent stasis, dig shafts and tunnels, antennae 3, four strong arms
a: Dig, Shaft Self


You were on level 4 of the Dungeon.
You visited 1 branch of the dungeon, and saw 4 of its levels.

You collected 124 gold pieces.

Inventory:

Hand Weapons
 a - a +0 war axe (weapon)
 j - a +3 quarterstaff of chaos
 l - a +2 hammer of draining
Missiles
 f - 4 poisoned darts
Armour
 b - a +0 scale mail (worn)
 c - a +0 buckler (worn)
 k - a +0 cloak (worn)
Jewellery
 i - a ring of flight (left hand)
Scrolls
 e - 4 scrolls of revelation {unknown}
 m - a scroll of fear {unknown}
 q - a scroll of blinking {unknown}
 r - a scroll of summoning {unknown}
 s - 2 scrolls of noise {unknown}
 t - 2 scrolls of identify {unknown}
 v - a scroll of enchant weapon {unknown}
Potions
 d - 2 potions of might
 g - 3 potions of curing {unknown}
 h - a potion of degeneration {unknown}
 n - 2 potions of berserk rage {unknown}
 o - a potion of haste {unknown}
 p - a potion of mutation {unknown}
 u - 2 potions of heal wounds {unknown}


   Skills:
 + Level 4.5 Fighting
 + Level 3.3(3.5) Axes
 + Level 1.6(2.7) Maces & Flails
 + Level 4.3 Armour
 + Level 5.3 Shields


You had 5 spell levels left.
You didn't know any spells.
Your spell library contained the following spells:

 Spells                   Type           Power      Damage    Failure   Level
 Ensorcelled Hibernation  Hex/Ice        0%         N/A       89%         2
 Passwall                 Tmut/Erth      0%         N/A       89%         2
 Swiftness                Air            Unusable   N/A       N/A         3

Dungeon Overview and Level Annotations

Branches:
Dungeon (4/15)
 Temple: D:4-7

Altars:
Sif Muna
Vehumet
Wu Jian


Innate Abilities, Weirdness & Mutations

You cannot be hasted, slowed, berserked, paralysed or teleported.
You can dig through walls and to a lower floor.
You have a pair of large antennae on your head. (SInv)
Your four strong arms can wield two-handed weapons with a shield.


Message History

No target in view!
A dart slug comes into view.
An ogre comes into view. It is wielding a +0 giant club.
The ogre shouts!
You hit the dart slug.
The dart slug is heavily wounded.
The dart slug launches a dart at you. The slug dart misses you.
You hit the dart slug.
You kill the dart slug!
You hit the ogre.
The ogre is lightly wounded.
The ogre closely misses you.
You hit the ogre but do no damage.
The ogre is lightly wounded.
The ogre hits you with a +0 giant club!!
You hit the ogre but do no damage.
The ogre is lightly wounded.
The ogre closely misses you.
You hit the ogre.
The ogre is heavily wounded.
You hit the ogre.
The ogre is heavily wounded.
The ogre hits you with a +0 giant club!
* * * LOW HITPOINT WARNING * * *
You are too injured to fight recklessly!
You are too injured to fight recklessly!
An ogre is nearby!
Unknown command.
You slash the ogre!
The ogre is almost dead.
You block the ogre's attack.
Unknown command.
You hit the ogre.
The ogre is almost dead.
You block the ogre's attack.
You barely miss the ogre.
The ogre is almost dead.
The ogre hits you with a +0 giant club!!
You die...

....... ####......##
8.8#......# ..#.....#
8......# #.....#
#.O..$### #=@.....#
##.......# #........#.
###.......... ####
#............
####..########.#........
......#..##.....##......
........|...........8.8.
.......#.)....###.......


You could see an ogre.

Vanquished Creatures
  A jelly (D:4)
  A gnoll bouda (D:4)
  Crazy Yiuf (D:2)
  3 gnolls (D:4)
  2 adders (D:3)
  A worm (D:4)
  5 dart slugs
  An orc (D:3)
  6 ball pythons
  15 endoplasms
  4 giant cockroaches
  7 goblins
  7 hobgoblins
  7 jackals
  7 kobolds
  3 quokkas
  6 bats
  4 frilled lizards (D:3)
  6 rats
87 creatures vanquished.

Notes
Turn   | Place    | Note
-------+----------+-------------------------------------------
     0 | D:1      | Descartes the Formicid Fighter began the quest for the Orb.
     0 | D:1      | Reached XP level 1. HP: 18/18 MP: 1/1
    28 | D:1      | Reached XP level 2. HP: 16/24 MP: 2/2
   196 | D:1      | Reached XP level 3. HP: 24/29 MP: 3/3
   820 | D:2      | Found a runed translucent door.
   821 | D:2      | Noticed Crazy Yiuf
   827 | D:2      | Killed Crazy Yiuf
   828 | D:2      | Reached XP level 4. HP: 6/37 MP: 4/4
  1516 | D:3      | Reached XP level 5. HP: 38/42 MP: 5/5
  1879 | D:3      | Found an ornate altar of the Wu Jian Council.
  2035 | D:3      | Reached skill level 5 in Shields
  2081 | D:3      | Reached skill level 1 in Maces & Flails
  2718 | D:4      | Reached XP level 6. HP: 22/49 MP: 6/6
  2878 | D:4      | Found a shimmering blue altar of Sif Muna.
  2894 | D:4      | Found a radiant altar of Vehumet.
  3056 | D:4      | Noticed an ogre
  3067 | D:4      | Mangled by an ogre

Illustrated notes

Levels and vault maps discovered:
D:1:      spicycebolla_arrival_clurvy, layout_rooms, serial_bayou_pond_e
D:2:      layout_loops_ring, uniq_crazy_yiuf_cottage
D:3:      layout_basic, mainiacjoe_overflow_surrounded_room, minmay_checkerbox
D:4:      layout_cave_pools, grunt_temple_overflow_open,
          lemuel_temple_firewalk_a, serial_column_ruins, column_ruins_pillar_6,
          column_ruins_pillar_4, column_ruins_pillar_9, column_ruins_pillar_2,
          column_ruins_pillar_2, column_ruins_pillar_2, column_ruins_pillar_7,
          column_ruins_pillar_11, column_ruins_pillar_1, column_ruins_pillar_1

Skill      XL: |  1  2  3  4  5 |
---------------+----------------+-----
Fighting       | 4 |  4.5
Armour         | 4 |  4.3
Axes           | 3 |  3.3
Shields        | 5 |  5.3
Maces & Flails | 1 |  1.6

Action                     |  1- 3 |  4- 6 || total
---------------------------+-------+-------++-------
  Melee: War axe           |    66 |   152 ||   218
 Armour: Scale mail        |    45 |   108 ||   153
  Dodge: Dodged            |    25 |    72 ||    97
  Block: Buckler           |    12 |    39 ||    51

Table legend: (Time is in decaauts)
 A = Elapsed time spent in this place.
 B = Non-inter-level travel time spent in this place.
 C = Inter-level travel time spent in this place.
 D = Time resting spent in this place.
 E = Time spent auto-exploring this place.
 F = Levels seen in this place.
 G = Mean time per level.
                   A        B        C        D        E       F      G
               +--------+--------+--------+--------+--------+-----+--------+
         Total |   3150 |   3043 |    107 |      0 |   2444 |   4 |  787.5 |
       Dungeon |   3150 |   3043 |    107 |      0 |   2444 |   4 |  787.5 |
               +--------+--------+--------+--------+--------+-----+--------+

Top non-repeatable levels by time:
     D:3: 1173 daAuts
     D:2: 882 daAuts
     D:1: 645 daAuts
     D:4: 449 daAuts
